 Dungeon Crawl Stone Soup version 0.31.0-1-g2c135a0 (webtiles) character file.

Game seed: 8940489771248215228

3 bonegar the Magician (level 1, -1/10 HPs)
             Began as a Deep Elf Hedge Wizard on Apr 6, 2024.
             Frozen to death by an endoplasm (5 damage)
             ... on level 2 of the Dungeon.
             The game lasted 00:00:56 (52 turns).

bonegar the Magician (Deep Elf Hedge Wizard)          Turns: 52, Time: 00:01:02

Health: -1/10      AC:  2    Str:  7    XL:     1   Next: 41%
Magic:  4/7        EV: 12    Int: 18    God:
Gold:   0          SH:  0    Dex: 14    Spells: 7/8 levels left

rFire   . . .        a - +0 dagger
rCold   . . .        (no shield)
rNeg    . . .        b - +0 robe
rPois   .            c - +0 hat
rElec   .            (no cloak)
rCorr   .            (no gloves)
SInv    .            (no boots)
Will    .....        (no amulet)
Stlth   ++           (no ring)
HPRegen 0.21/turn    (no ring)
MPRegen 0.10/turn

%: no passive effects
@: no status effects
A: no striking features
a: no special abilities


You were on level 2 of the Dungeon.
You visited 1 branch of the dungeon, and saw 2 of its levels.

Inventory:

Hand Weapons
 a - a +0 dagger (weapon)
Armour
 b - a +0 robe (worn)
 c - a +0 hat (worn)
Potions
 d - a potion of magic


   Skills:
 + Level 2.5 Dodging
 + Level 2.4 Stealth
 + Level 4.4 Spellcasting
 + Level 1.2 Conjurations
 + Level 1.2 Summonings
 + Level 1.1 Translocations


You had 7 spell levels left.
You knew the following spells:

 Your Spells              Type           Power      Damage    Failure   Level
a - Magic Dart            Conj           32%        1d4       9%          1

Your spell library contained the following spells:

 Spells                   Type           Power      Damage    Failure   Level
 Blink                    Tloc           16%        N/A       13%         2
 Call Imp                 Summ           16%        N/A       13%         2
 Slow                     Hex            12%        N/A       14%         1
 Cigotuvi's Dreadful Rot  Necr/Alch/Air  6%         N/A       22%         2
 Mephitic Cloud           Conj/Alch/Air  5%         N/A       34%         3


Dungeon Overview and Level Annotations

Branches:
Dungeon (1/15)

Altars:


Message History

Aiming: Magic Dart (safe; 9% risk of failure)
Press: ? - help, Shift-Dir - straight line, f/p - frilled lizard
Aim: a frilled lizard (heavily wounded, 100% to hit)
The magic dart hits the frilled lizard.
You kill the frilled lizard!
You see here a ball python corpse.
Found a robe.
A quokka comes into view.
You see here a scroll labelled OWNYLI LAUNTANT.
An endoplasm and a ribbon worm come into view.
Found a spear.
The ribbon worm moves out of view.
Casting: Magic Dart (safe; 9% risk of failure)
Confirm with . or Enter, or press ? or * to list all spells.
Aiming: Magic Dart (safe; 9% risk of failure)
Press: ? - help, Shift-Dir - straight line, f - endoplasm
Aim: an endoplasm (asleep, 100% to hit)
The magic dart hits the endoplasm.
The endoplasm is lightly wounded.
The endoplasm quivers.
An adder comes into view.
The adder hisses angrily.
There is a stone staircase leading down here.
Found 5 stones.
The adder bites you.
The ribbon worm expels a string of sticky webbing.
The stream of webbing hits you but does no damage.
You are caught in a web!
The adder bites you. The endoplasm barely misses you.
There is a web here.
You see here a +0 robe.
The web tears apart.
The adder completely misses you. The ribbon worm completely misses you.
The endoplasm freezes you.
You are frozen.
* * * LOW HITPOINT WARNING * * *
The adder misses you.
The ribbon worm attacks as it pursues you!
The ribbon worm bites you but does no damage.
The endoplasm freezes you.
You are frozen.
Ouch! That really hurt!
You die...

#( ###
###.###.#
+.......#
#.......# #
#.......# .#
......##.#
#....).##..
##.#.#wS......
+....J@#####..
##.#.#.# #.#.#
# #?######
#.#..r...#
#.#.####.#.
#..........
#.###.###.###
#....†.......


You could see a ribbon worm, an adder and an endoplasm.

Vanquished Creatures
  A giant cockroach (D:2)
  A ball python (D:2)
  A frilled lizard (D:2)
  A rat (D:2)
4 creatures vanquished.

Notes
Turn   | Place    | Note
-------+----------+-------------------------------------------
     0 | D:1      | bonegar the Deep Elf Hedge Wizard began the quest for the
                  | Orb.
     0 | D:1      | Reached XP level 1. HP: 10/10 MP: 7/7
     2 | D:1      | You fall into a shaft and drop 1 floor!
    52 | D:2      | Frozen to death by an endoplasm

Illustrated notes

Levels and vault maps discovered:
D:1:      wander_arrival_chamber, layout_basic
D:2:      layout_basic

Action                     || total
---------------------------++-------
  Melee: Dagger            ||     2
   Cast: Magic Dart        ||     4
   Stab: Sleeping          ||     2
 Armour: Robe              ||     3
  Dodge: Dodged            ||     8
